 Dungeon Crawl Stone Soup version 0.29-a0-271-gd4eb659eea (webtiles) character file.

Game seed: 7824225834964267208

114 dolemite99 the Chopper (level 4, 0/39 HPs)
             Began as a Minotaur Fighter on Mar 9, 2022.
             Was a Believer of Lugonu.
             Killed by nerve-wracking pain
             ... invoked by a shadow imp
             ... summoned by Natasha
              (14 damage)
             ... on level 2 of the Dungeon.
             The game lasted 00:01:02 (1135 turns).

dolemite99 the Chopper (Minotaur Fighter)           Turns: 1135, Time: 00:01:03

Health: 0/39       AC:  6    Str: 22    XL:     4   Next: 66%
Magic:  3/3        EV:  9    Int:  5    God:    Lugonu [**....]
Gold:   97         SH:  4    Dex: 10    Spells: 3/3 levels left

rFire   . . .      SeeInvis .   a - +0 war axe
rCold   . . .      Faith    .   c - +0 buckler
rNeg    . . .      Spirit   .   b - +0 scale mail
rPois   .          Reflect  .   (helmet restricted)
rElec   .          Harm     .   (no cloak)
rCorr   .          Rampage  .   (no gloves)
Will    .....                   (no boots)
Stlth   ..........              (no amulet)
HPRegen 0.13/turn               (no ring)
MPRegen 0.08/turn               (no ring)

@: no status effects
A: horns 2, retaliatory headbutt
a: Renounce Religion, Depart the Abyss, Bend Space


You were on level 2 of the Dungeon.
You worshipped Lugonu.
Lugonu was pleased with you.
You visited 1 branch of the dungeon, and saw 2 of its levels.

You collected 97 gold pieces.

Inventory:

Hand Weapons
 a - a +0 war axe (weapon)
Missiles
 e - 67 stones (quivered)
Armour
 b - a +0 scale mail (worn)
 c - a +0 buckler (worn)
Jewellery
 f - a ring of protection from fire
 m - a ring of poison resistance
Scrolls
 g - a scroll of identify {unknown}
 i - a scroll of vulnerability {unknown}
 l - a scroll of teleportation {unknown}
Potions
 d - a potion of might
 h - a potion of curing {unknown}
 j - a potion of ambrosia {unknown}
 k - 2 potions of heal wounds {unknown}
 n - a potion of magic {unknown}


   Skills:
 - Level 3.6 Fighting
 + Level 6.0 Axes
 - Level 3.6 Armour
 - Level 3.6 Shields


You had 3 spell levels left.
You didn't know any spells.
Your spell library was empty.

Dungeon Overview and Level Annotations

Branches:
Dungeon (2/15)

Altars:
Lugonu

Annotations:
D:2 Natasha


Innate Abilities, Weirdness & Mutations

You have a pair of horns on your head.
You reflexively headbutt those who attack you in melee.


Message History

You throw a stone. The stone barely misses Natasha.
You throw a stone. The stone hits Natasha.
Natasha is lightly wounded.
Natasha barely misses you.
You feel yourself speed up. Natasha closely misses you.
The white imp gestures at you. The puff of frost hits you.
Natasha mumbles some strange words.
The white imp hits you but does no damage.
You hit Natasha.
Natasha is heavily wounded.
You hit the shadow imp. You barely miss the white imp.
Natasha casts a spell at you. The magic dart hits you!
The white imp closely misses you. You furiously retaliate!
You headbutt the white imp! You block the shadow imp's attack.
You hit Natasha.
Natasha is severely wounded.
You barely miss the shadow imp. You barely miss the white imp.
Natasha claws you.
The white imp sputters.
The white imp barely misses you. The shadow imp hits you.
You barely miss Natasha. Your headbutt misses Natasha.
Natasha is severely wounded.
You barely miss the white imp. You closely miss the shadow imp.
Natasha casts a spell at you. You resist with some effort.
The white imp gestures at you. The puff of frost hits you!
The shadow imp closely misses you. You furiously retaliate!
You headbutt the shadow imp. Natasha claws you.
You barely miss Natasha.
Natasha is severely wounded.
You slash the white imp!
You kill the white imp!
The white imp disappears in a puff of smoke!
You closely miss the shadow imp. The shadow imp gestures at you.
Pain shoots through your body!
You die...

#.......#......#
###.##.##........#
##.#.#...#.##.##..#
#..........#...#...
##.#.#...#.........
#.#.##........#...
#.......##.#.##.#.
#..##.#.##......#.
##########@5#........##..#.
#.........h§....(.#...#....
#.#########.#...#.......##.
#..##.##.#...#.##.
#.....^..##.##.##.
#..#####.......##. ##.#
#####.####. ####.# #.####.
#....# #......


You could see Natasha and a shadow imp (summoned).

Vanquished Creatures
  A hound (D:2)
  Natasha (twice) (D:2)
  A worm (D:2)
  2 ball pythons
  8 endoplasms
  2 goblins (D:2)
  2 hobgoblins (D:1)
  3 jackals (D:1)
  A quokka (D:2)
  4 bats (D:2)
  4 rats (D:1)
30 creatures vanquished.

Notes
Turn   | Place    | Note
-------+----------+-------------------------------------------
     0 | D:1      | dolemite99 the Minotaur Fighter began the quest for the
                  | Orb.
     0 | D:1      | Reached XP level 1. HP: 19/19 MP: 0/0
   130 | D:1      | Reached skill level 3 in Axes
   135 | D:1      | Reached XP level 2. HP: 21/26 MP: 1/1
   821 | D:2      | Reached skill level 4 in Axes
   840 | D:2      | Reached XP level 3. HP: 31/31 MP: 2/2
   889 | D:2      | Found a faded altar of an unknown god.
   906 | D:2      | Prayed at the altar of an unknown god.
   906 | D:2      | Became a worshipper of Lugonu the Unformed
   906 | D:2      | Reached * piety under Lugonu
   906 | D:2      | Reached ** piety under Lugonu
   939 | D:2      | Reached skill level 5 in Axes
   942 | D:2      | Noticed Natasha
   948 | D:2      | Killed Natasha
   949 | D:2      | Reached XP level 4. HP: 34/39 MP: 3/3
  1111 | D:2      | Noticed Natasha
  1118 | D:2      | Killed Natasha
  1119 | D:2      | Reached skill level 6 in Axes
  1126 | D:2      | Noticed Natasha
  1135 | D:2      | Killed from afar by a shadow imp

Illustrated notes

Levels and vault maps discovered:
D:1:      minmay_arrival_stone_box, layout_basic
D:2:      layout_loops_ring, basic_ecumenical_altar,
          hangedman_decor_clover_reticule, minmay_misc_feat_roman,
          corexii_shack, uniq_natasha

Skill      XL: |  1  2  3  4 |
---------------+-------------+-----
Axes           | 3 4 5 6 |  6.0
Fighting       | |  3.6
Armour         | |  3.6
Shields        | |  3.6

Action                   |  1- 3 |  4- 6 || total
-------------------------+-------+-------++-------
Melee: War axe           |    38 |    14 ||    52
       Headbutt          |     3 |       ||     3
Throw: Stone             |    26 |    11 ||    37
Armor: Scale mail        |    12 |     5 ||    17
Dodge: Dodged            |    14 |     8 ||    22
Block: Buckler           |    12 |     3 ||    15

Table legend: (Time is in decaauts)
 A = Elapsed time spent in this place.
 B = Non-inter-level travel time spent in this place.
 C = Inter-level travel time spent in this place.
 D = Time resting spent in this place.
 E = Time spent auto-exploring this place.
 F = Levels seen in this place.
 G = Mean time per level.
                   A        B        C        D        E       F      G
               +--------+--------+--------+--------+--------+-----+--------+
         Total |   1170 |   1135 |     35 |      7 |    846 |   2 |  585.0 |
       Dungeon |   1170 |   1135 |     35 |      7 |    846 |   2 |  585.0 |
               +--------+--------+--------+--------+--------+-----+--------+

Top non-repeatable levels by time:
     D:1: 760 daAuts
     D:2: 410 daAuts
